 Dungeon Crawl Stone Soup version 0.30-a0-372-g0ce2686038 (webtiles) character file.

Game seed: 6013508277775252920

7811 Elric the Fighter (level 11, -4/69 HPs)
             Began as a Gargoyle Fighter on Nov 23, 2022.
             Was a Believer of the Shining One.
             Slain by a slime creature (8 damage)
             ... on level 11 of the Dungeon.
             The game lasted 00:16:28 (11471 turns).

Elric the Fighter (Gargoyle Fighter)               Turns: 11471, Time: 00:16:29

Health: -4/69      AC: 24    Str: 20    XL:     11   Next: 21%
Magic:  21/21      EV:  6    Int: 11    God:    the Shining One [**....]
Gold:   293        SH: 12    Dex: 11    Spells: 10/10 levels left

rFire   + . .      SeeInvis .    y - +7 mace "Diomor" {vorpal, rF+ rC+ MP+9}
rCold   + . .      Faith    +    b - +2 kite shield {rN+}
rNeg    + + +      Spirit   .    x - +0 plate armour
rPois   ∞          Reflect  .    g - +0 helmet
rElec   +          Harm     .    H - +0 cloak
rCorr   .          Rampage  .    (no gloves)
Will    .....                    (no boots)
Stlth   ..........               C - amulet of faith
HPRegen 0.31/turn                I - ring of positive energy
MPRegen 0.17/turn                (no ring)

@: glowing
A: sickness immunity, AC +8, negative energy resistance 1, electricity
resistance, torment resistance 1, petrification resistance
a: Renounce Religion, Divine Shield


You were on level 11 of the Dungeon.
You worshipped the Shining One.
The Shining One was pleased with you.
You visited 2 branches of the dungeon, and saw 13 of its levels.

You collected 591 gold pieces.
You spent 298 gold pieces at shops.

Inventory:

Hand Weapons
 a - a +1 war axe of protection
 y - the +7 mace "Diomor" (weapon) {vorpal, rF+ rC+ MP+9}
   (You found it on level 5 of the Dungeon)

   It inflicts extra damage upon your enemies.
   rF:        It protects you from fire.
   rC:        It protects you from cold.
   MP:        It affects your magic capacity (+9).
Missiles
 B - a throwing net (quivered)
Armour
 b - a +2 kite shield of positive energy (worn)
 g - a +0 helmet (worn)
 x - a +0 plate armour (worn)
 H - a +0 cloak (worn)
Jewellery
 u - a ring of ice
 C - an amulet of faith (around neck)
 E - an amulet of magic regeneration
 I - a ring of positive energy (left hand)
Wands
 p - a wand of paralysis (12)
 q - a wand of mindburst (23)
 t - a wand of light (13)
 D - a wand of flame (34)
Scrolls
 c - a scroll of silence
 e - 7 scrolls of identify
 f - a scroll of amnesia
 i - a scroll of magic mapping
 n - 2 scrolls of immolation
 o - 2 scrolls of blinking
 s - 6 scrolls of teleportation
 A - a scroll of poison
 J - a scroll of enchant armour {unknown}
Potions
 d - a potion of might
 h - 5 potions of curing
 j - a potion of magic {unknown}
 k - a potion of heal wounds {unknown}
 l - a potion of flight {unknown}
 m - a potion of haste {unknown}
 r - a potion of mutation {unknown}
 v - a potion of invisibility {unknown}
 w - a potion of cancellation {unknown}
 z - 2 potions of lignification {unknown}
 F - 2 potions of attraction {unknown}
 G - a potion of resistance {unknown}


   Skills:
 + Level 8.5 Fighting
 - Level 4.0(6.3) Axes
 * Level 8.3(8.8) Maces & Flails
 + Level 8.4 Armour
 + Level 5.6 Dodging
 + Level 8.5 Shields
 + Level 2.2 Invocations


You had 10 spell levels left.
You didn't know any spells.
Your spell library contained the following spells:

 Spells                   Type           Power      Damage    Failure   Level
 Kiss of Death            Conj/Necr      0%         2d5       100%        1
 Magic Dart               Conj           0%         1d3       100%        1
 Sting                    Tmut/Pois      0%         1d3       100%        1
 Blink                    Tloc           0%         N/A       100%        2
 Call Imp                 Summ           0%         N/A       100%        2
 Confusing Touch          Hex            0%         N/A       100%        3
 Gell's Gravitas          Tloc           0%         N/A       100%        3
 Hailstorm                Conj/Ice       0%         3d3       100%        3
 Lesser Beckoning         Tloc           0%         N/A       100%        3
 Mephitic Cloud           Conj/Pois/Air  0%         N/A       100%        3
 Swiftness                Air            0%         N/A       100%        3
 Teleport Other           Tloc           0%         N/A       100%        3
 Dispel Undead            Necr           0%         3d6       100%        4
 Ice Form                 Ice/Tmut       0%         N/A       100%        4
 Manifold Assault         Tloc           0%         N/A       100%        4
 Petrify                  Tmut/Erth      0%         N/A       100%        4
 Freezing Cloud           Conj/Ice/Air   0%         6-21      100%        5
 Irradiate                Conj/Tmut      0%         3d11      100%        5
 Simulacrum               Ice/Necr       0%         N/A       100%        6
 Storm Form               Tmut/Air       0%         N/A       100%        7
 Maxwell's Capacitive Co  Air            0%         ∞         100%        8
 Sublimation of Blood     Necr           Unusable   N/A       N/A         2

Dungeon Overview and Level Annotations

Branches:
Dungeon (12/15)            Temple (1/1) D:7
   Lair: D:8-11         Orc: D:9-12

Altars:
Ashenzari
Cheibriados
Dithmenos
Elyvilon
Fedhas
Gozag
Hepliaklqana
Kikubaaqudgha
Makhleb
Nemelex Xobeh
Okawaru
Qazlal
Ru
Sif Muna
Trog
Uskayaw
Vehumet
Xom
Yredelemnul
Zin
The Shining One

Shops:
D:3 ?   D:8 !*[[:

Annotations:
D:6 3 runed translucent doors, Poofo's ghost, amateur MiHu; Tutankhamun's ghost, novice TrMo; nujazz's ghost, novice GrFi


Innate Abilities, Weirdness & Mutations

You are immune to sickness and miasma.
Your stone body is resilient. (AC +8)
You are immune to poison.
You resist negative energy. (rN+)
You are resistant to electric shocks. (rElec)
You are resistant to unholy torment.
You are immune to petrification.


Message History

You block the five-headed hydra's attack. x3
The water elemental hits you!
* * * LOW HITPOINT WARNING * * *
The water elemental engulfs you in water!
A slime creature comes into view.
You see here 3 stones.
You slip free of the water engulfing you.
The water engulfing you falls away.
The five-headed hydra bites you but does no damage.
You block the five-headed hydra's attack. x2
The five-headed hydra bites you.
* * * LOW HITPOINT WARNING * * *
The five-headed hydra bites you but does no damage.
The centaur shoots an arrow.
The arrow hits you but does no damage.
Blink to where?
Press: ? - help, Dir - move target 4 slime creatures and an electric eel come into view.
As you read the scroll of blinking, it crumbles to dust.
The slime creature quivers. x3
You block the slime creature's attack.
The slime creature hits you but does no damage.
You block the slime creature's attack.
You climb upwards.
There is a stone staircase leading down here.
It was a potion of curing.
You feel better.
The slime creature hits you but does no damage.
The slime creature hits you.
* * * LOW HITPOINT WARNING * * *
You thump the slime creature!
The slime creature is lightly wounded.
The slime creature hits you but does no damage.
The slime creature hits you.
* * * LOW HITPOINT WARNING * * *
You sock the slime creature!
The slime creature is heavily wounded.
You block the slime creature's attack. The slime creature closely misses you.
You sock the slime creature!
The slime creature is heavily wounded.
The slime creature hits you!
You die...

#######
#@J...#
#J###.#
#.# #.#
#.# #..
#.# #.#


You could see 2 slime creatures.

Vanquished Creatures
  An ugly thing (D:12)
  An unseen horror (D:10)
  A gargoyle (D:10)
  2 trolls
  A slime creature (D:12)
  A wyvern (D:9)
  14 yaks
  Eustachio (D:6)
  A wraith (D:12)
  2 steam dragons (D:6)
  2 vampire mosquitoes (D:12)
  3 orc warriors
  A sky beast (D:7)
  An ice beast (D:7)
  An ogre (D:7)
  A black bear (D:7)
  4 centaurs
  2 kobold brigands
  Blork the orc (D:4)
  4 scorpions
  4 bullfrogs
  A gnoll sergeant (D:5)
  A necrophage (D:6)
  7 killer bees
  2 howler monkeys (D:5)
  4 hounds
  5 orc priests
  2 jellies
  A gnoll bouda (D:9)
  Terence (D:3)
  5 iguanas
  Ijyb (D:5)
  9 orc wizards
  15 gnolls
  7 adders
  A river rat (D:3)
  A shadow imp (D:6)
  5 white imps
  2 ufetubi (D:7)
  6 worms
  3 dart slugs
  28 orcs
  9 bats
  4 endoplasms
  11 giant cockroaches
  5 goblins
  6 hobgoblins
  3 jackals (D:3)
  5 quokkas
  9 ball pythons
  11 frilled lizards
  19 kobolds
  5 rats
243 creatures vanquished.

Vanquished Creatures (others)
  20 plants
  4 withered plants (D:6)
24 creatures vanquished.

Grand Total: 267 creatures vanquished

Notes
Turn   | Place    | Note
-------+----------+-------------------------------------------
     0 | D:1      | Elric the Gargoyle Fighter began the quest for the Orb.
     0 | D:1      | Reached XP level 1. HP: 14/14 MP: 1/1
   127 | D:1      | Reached XP level 2. HP: 19/19 MP: 2/2
   376 | D:1      | Reached XP level 3. HP: 23/23 MP: 3/3
   836 | D:2      | Reached XP level 4. HP: 26/29 MP: 4/4
  1093 | D:2      | Reached XP level 5. HP: 33/33 MP: 5/5
  1168 | D:2      | Reached skill level 1 in Dodging
  1541 | D:3      | Noticed Terence
  1557 | D:3      | Killed Terence
  1576 | D:3      | Found an opulent altar of Gozag.
  1926 | D:3      | Found Fiokhlomn's Magic Scroll Boutique.
  2448 | D:4      | Reached XP level 6. HP: 36/39 MP: 6/6
  2705 | D:4      | Noticed Blork the orc
  3036 | D:4      | Killed Blork the orc
  3518 | D:4      | Found a hide-covered altar of Uskayaw.
  3520 | D:4      | Found a shadowy altar of Dithmenos.
  3523 | D:4      | Found a radiant altar of Vehumet.
  3732 | D:5      | Entered Level 5 of the Dungeon
  3914 | D:5      | Reached XP level 7. HP: 19/44 MP: 7/7
  3914 | D:5      | HP: 2/44 [iguana (11)]
  4204 | D:5      | Noticed Ijyb
  4215 | D:5      | Reached skill level 5 in Armour
  4322 | D:5      | Killed Ijyb
  4323 | D:5      | Reached skill level 5 in Fighting
  4518 | D:5      | Reached skill level 5 in Shields
  4692 | D:5      | Found an iron altar of Okawaru.
  4761 | D:5      | Reached XP level 8. HP: 50/50 MP: 8/8
  4789 | D:5      | Identified the +7 mace "Diomor" {vorpal, rF+ rC+ MP+9}
  5015 | D:5      | Reached skill level 1 in Maces & Flails
  6010 | D:6      | Noticed Eustachio
  6020 | D:6      | Killed Eustachio
  6021 | D:6      | Reached XP level 9. HP: 52/55 MP: 9/9
  6112 | D:6      | Found a runed translucent gate.
  6112 | D:6      | Found a runed translucent gate.
  6112 | D:6      | Found a runed translucent gate.
  6348 | D:6      | Noticed Poofo's ghost (amateur MiHu)
  6348 | D:6      | Noticed nujazz's ghost (novice GrFi)
  6348 | D:6      | Noticed Tutankhamun's ghost (novice TrMo)
  6437 | D:7      | Found a staircase to the Ecumenical Temple.
  6447 | Temple   | Entered the Ecumenical Temple
  6799 | Temple   | Became a worshipper of the Shining One
  7124 | D:7      | Found a sacrificial altar of Ru.
  7204 | D:7      | Found a snail-covered altar of Cheibriados.
  7225 | D:7      | Reached skill level 5 in Maces & Flails
  7836 | D:8      | Found Vafushaff's General Store.
  7843 | D:8      | Got the Commentary on Atmospheric Transfiguration
  7848 | D:8      | Bought a +2 kite shield of positive energy for 240 gold
                  | pieces
  7886 | D:8      | Reached * piety under the Shining One
  7994 | D:8      | Found Viwuicro's Distillery.
  8015 | D:8      | Found Pukisal's Armour Emporium.
  8022 | D:8      | Bought a +0 helmet for 58 gold pieces
  8207 | D:8      | Found Edaalenk's Armour Emporium.
  8233 | D:8      | Found Zyis's Book Emporium.
  8314 | D:8      | Reached XP level 10. HP: 47/63 MP: 10/10
  8970 | D:9      | Found a sparkling altar of Nemelex Xobeh.
  9502 | D:9      | Reached skill level 5 in Dodging
  9685 | D:9      | Found a sparkling altar of Nemelex Xobeh.
 10438 | D:9      | Found a burning altar of Makhleb.
 10585 | D:10     | Entered Level 10 of the Dungeon
 10611 | D:10     | Reached ** piety under the Shining One
 10964 | D:10     | Noticed a gargoyle
 10976 | D:10     | Killed a gargoyle
 10977 | D:10     | Reached skill level 1 in Invocations
 11034 | D:10     | Noticed an unseen horror
 11042 | D:10     | Killed an unseen horror
 11043 | D:10     | Reached XP level 11. HP: 59/69 MP: 12/12
 11227 | D:10     | You fall into a shaft and drop 2 floors!
 11373 | D:12     | Noticed a white ugly thing
 11382 | D:12     | Killed a white ugly thing
 11442 | D:12     | Noticed a five-headed hydra
 11464 | D:12     | HP: 3/69 [five-headed hydra (5)]
 11471 | D:11     | Slain by a slime creature

Illustrated notes

Levels and vault maps discovered:
D:1:      sevenhm_arrival_forest_fort_small_6, layout_loops_ring, serial_forest,
          infiniplex_forest_clump_C, infiniplex_forest_lined_1,
          infiniplex_forest_lined_2, infiniplex_forest_corner_1,
          minmay_lizard_king
D:2:      layout_basic, st_stairs_12
D:3:      layout_basic, grunt_gozag_breadcrumbs, serial_shops, shop,
          gup_sewer_entry_spiral, uniq_terence
D:4:      layout_loops_corners, minitemple, minmay_stone_trees_small,
          uniq_blork_the_orc
D:5:      layout_loops_ring, nicolae_overflow_hidden_temple,
          dreamdust_princess_bridge, uniq_ijyb
D:6:      layout_gridville, gammafunk_ghost_cemetery, chequers_arboretum,
          kennysheep_opposing_triangles, uniq_eustachio
D:7:      layout_basic, mainiacjoe_overflow_paths,
          nicolae_ru_the_path_less_chosen, minmay_temple_entry_trees,
          nicolae_underground_beach
D:8:      layout_basic, serial_shops, nicolae_shop_stone, shop, shop,
          nicolae_shop_trees, nicolae_shop_advertising_works
          [nicolae_subvault_shop_adworks]
D:9:      layout_basic, mainiacjoe_overflow_alcove_2,
          nemelex_diamond_rough_becter, kennysheep_diamond, dk_rats_in_the_wall
D:10:     layout_basic, mainiacjoe_overflow_catwalk, kennysheep_potato
D:11:     layout_basic, david_lair_shrubbed, erik_orc_4, minivault_4
D:12:     layout_basic, st_stairs_11, minivault_15,
          hellmonk_guarded_unrand_vines, uniq_snorg
Temple:   hc_temple_tempest_star

Skill      XL: |  1  2  3  4  5  6  7  8  9 10 11 |
---------------+----------------------------------+-----
Axes           | 2 3 4 |  4.0
Fighting       | 4 5 6 7 8 |  8.5
Armour         | 4 5 6 7 8 |  8.4
Shields        | 4 5 6 7 8 |  8.5
Dodging        | 1 2 3 4 5 |  5.6
Maces & Flails | 3 5 7 8 |  8.3
Invocations    | 1 2 |  2.2

Action                   |  1- 3 |  4- 6 |  7- 9 | 10-12 || total
-------------------------+-------+-------+-------+-------++-------
Melee: War axe           |   108 |   304 |    97 |       ||   509
       Mace              |       |       |   227 |   210 ||   437
  Use: Scroll            |       |     6 |       |     4 ||    10
       Potion            |       |       |       |     1 ||     1
Armor: Scale mail        |    38 |       |       |       ||    38
       Ring mail         |    17 |   203 |   204 |       ||   424
       Robe              |    17 |       |       |       ||    17
       Plate armour      |       |       |    15 |   119 ||   134
Dodge: Dodged            |    53 |   170 |   188 |    30 ||   441
Block: Buckler           |    27 |    59 |    70 |       ||   156
       Kite shield       |       |       |     8 |   139 ||   147

Table legend: (Time is in decaauts)
 A = Elapsed time spent in this place.
 B = Non-inter-level travel time spent in this place.
 C = Inter-level travel time spent in this place.
 D = Time resting spent in this place.
 E = Time spent auto-exploring this place.
 F = Levels seen in this place.
 G = Mean time per level.
                   A        B        C        D        E       F      G
               +--------+--------+--------+--------+--------+-----+--------+
         Total |  11813 |  11056 |    757 |   1930 |   7046 |  13 |  908.7 |
       Dungeon |  11441 |  10851 |    590 |   1930 |   6860 |  12 |  953.4 |
        Temple |    372 |    205 |    167 |      0 |    186 |   1 |  372.0 |
               +--------+--------+--------+--------+--------+-----+--------+

Top non-repeatable levels by time:
     D:9: 2025 daAuts
     D:5: 1651 daAuts
     D:3: 1466 daAuts
     D:4: 1130 daAuts
     D:6: 1093 daAuts
     D:8: 1056 daAuts
     D:7: 977 daAuts
     D:1: 864 daAuts
     D:2: 573 daAuts
  Temple: 372 daAuts
    D:10: 349 daAuts
    D:12: 247 daAuts
    D:11: 3 daAuts
